 Dungeon Crawl Stone Soup version 0.28-a0-1182-g381e24db82 (webtiles) character file.

Game seed: 4018170060628686732

2 lonewolfV2 the Skirmisher (level 1, -8/20 HPs)
             Began as a Minotaur Fighter on Dec 16, 2021.
             Mangled by a kobold (18 damage)
             ... on level 1 of the Dungeon.
             The game lasted 00:00:12 (74 turns).

lonewolfV2 the Skirmisher (Minotaur Fighter)          Turns: 74, Time: 00:00:13

Health: -8/20      AC:  7    Str: 20    XL:     1   Next: 33%
Magic:  0/0        EV:  9    Int:  5    God:
Gold:   0          SH:  4    Dex:  9    Spells: 0/0 levels left

rFire   . . .      SeeInvis .   a - +0 war axe
rCold   . . .      Faith    .   c - +0 buckler
rNeg    . . .      Spirit   .   b - +0 scale mail
rPois   .          Reflect  .   (helmet restricted)
rElec   .          Harm     .   (no cloak)
rCorr   .          Rampage  .   (no gloves)
Will    .....                   (no boots)
Stlth   ..........              (no amulet)
HPRegen 0.06/turn               (no ring)
MPRegen 0.07/turn               (no ring)

@: no status effects
A: horns 2, retaliatory headbutt
a: no special abilities


You were on level 1 of the Dungeon.
You visited 1 branch of the dungeon, and saw 1 of its levels.

Inventory:

Hand Weapons
 a - a +0 war axe (weapon)
Armour
 b - a +0 scale mail (worn)
 c - a +0 buckler (worn)
Potions
 d - a potion of might


   Skills:
 + Level 3.7 Fighting
 + Level 2.4 Axes
 + Level 3.7 Armour
 + Level 3.7 Shields


You couldn't memorise any spells.
You didn't know any spells.
Your spell library contained the following spells:

 Spells                   Type           Power      Damage    Failure   Level
 Gell's Gravitas          Tloc           0%         N/A       99%         3
 Lesser Beckoning         Tloc           0%         N/A       99%         3
 Teleport Other           Tloc           0%         N/A       99%         3


Dungeon Overview and Level Annotations

Branches:
Dungeon (1/15)

Altars:


Innate Abilities, Weirdness & Mutations

You have a pair of horns on your head.
You reflexively headbutt those who attack you in melee.


Message History

You closely miss the frilled lizard.
Your headbutt misses the frilled lizard.
The frilled lizard barely misses you. You furiously retaliate!
You headbutt the frilled lizard.
You kill the frilled lizard!
You pick up a book of Displacement and begin reading...
You add the spells Lesser Beckoning, Gell's Gravitas and Teleport Other to your library.
Okay, then.
HP restored.
There is a shaft here.
You open the door.
There is an open door here.
There is an open door here.
An endoplasm comes into view.
The endoplasm quivers.
An endoplasm is nearby!
Found a ring mail.
A kobold comes into view.
It is wielding a +2 whip of electrocution.
Found an escape hatch in the floor.
The kobold shouts!
The endoplasm freezes you.
You are frozen.
You hit the endoplasm.
The endoplasm is lightly wounded.
The endoplasm barely misses you. You furiously retaliate!
You headbutt the endoplasm.
You kill the endoplasm!
A bat comes into view.
An endoplasm comes into view.
A goblin comes into view. It is wielding a +0 dagger.
The goblin shouts!
The endoplasm quivers.
The endoplasm jiggles.
The bat hits you but does no damage.
You barely miss the kobold. You hit the bat. You block the bat's attack.
The kobold hits you with a +2 whip of electrocution.
You barely miss the kobold. The bat hits you but does no damage.
You block the kobold's attack.
The kobold hits you with a +2 whip of electrocution!
You are electrocuted!!
Ouch! That really hurt!
You die...

#.# .# #.# .# ###
###.###.### #.. ....
.... #.#####.###.#
#.##........#
###.#####.##..#
#.........##..#
##K@.....####^.#
...[b.J......'.##..#
#...g........#.##..#
.......#.#####..#..#
......>#.# ##.#..#
....####.# #.#..#
.... #.######.#..#
... #.#.........#
.........#


You could see an endoplasm, a goblin, a bat and a kobold.

Vanquished Creatures
  An endoplasm (D:1)
  A bat (D:1)
  A frilled lizard (D:1)
3 creatures vanquished.

Notes
Turn   | Place    | Note
-------+----------+-------------------------------------------
     0 | D:1      | lonewolfV2 the Minotaur Fighter began the quest for the
                  | Orb.
     0 | D:1      | Reached XP level 1. HP: 19/19 MP: 0/0
    74 | D:1      | Mangled by a kobold

Illustrated notes

Levels and vault maps discovered:
D:1:      mrwooster_arrival_statue_2, layout_basic,
          shapermc_ecumenical_altar_starsandcircs

Action                   || total
-------------------------++-------
Melee: War axe           ||    11
Armor: Scale mail        ||     5
Dodge: Dodged            ||     7
Block: Buckler           ||     3

Table legend: (Time is in decaauts)
 A = Elapsed time spent in this place.
 B = Non-inter-level travel time spent in this place.
 C = Inter-level travel time spent in this place.
 D = Time resting spent in this place.
 E = Time spent auto-exploring this place.
 F = Levels seen in this place.
 G = Mean time per level.
                   A        B        C        D        E       F      G
               +--------+--------+--------+--------+--------+-----+--------+
         Total |     77 |     77 |      0 |      0 |     38 |   1 |   77.0 |
       Dungeon |     77 |     77 |      0 |      0 |     38 |   1 |   77.0 |
               +--------+--------+--------+--------+--------+-----+--------+

Top non-repeatable levels by time:
     D:1: 77 daAuts
